 Dungeon Crawl Stone Soup version 0.13-a0-2910-g7a74111 (webtiles) character file.

700 PolkaDot the Ruinous (level 7, -1/44 HPs)
             Began as a Vampire Wizard on Sept 1, 2013.
             Was an Initiate of Vehumet.
             Killed from afar by an orc wizard (7 damage)
             ... with a puff of flame
             ... on Level 5 of the Dungeon.
             The game lasted 00:20:44 (4730 turns).

PolkaDot the Ruinous (Vampire Wizard)               Turns: 4730, Time: 00:20:44

HP  -1/44        AC  3     Str  6      XL: 7   Next:  0%
MP  17/17        EV 12     Int 22      God: Vehumet [......]
Gold 184         SH  0     Dex 12      Spells:  3 memorised,  5 levels left

Res.Fire  : . . .   See Invis. : +   s - +1,+3 orc dagger (drain)
Res.Cold  : . . .   Warding    : .   a - +0 robe
Life Prot.: + . .   Conserve   : .   (no shield)
Res.Poison: .       Res.Corr.  : .   b - +0 wizard hat
Res.Elec. : .       Clarity    : .   (no cloak)
Sust.Abil.: . .     Spirit.Shd : .   y - +0 pair of elf gloves
Res.Mut.  : .       Stasis     : .   (no boots)
Res.Rott. : .       Flight     : .   (no amulet)
Saprovore : . . .                    (no ring)
                                     (no ring)

@: slightly resistant to hostile enchantments, stealthy
A: bottle blood, fangs 3, see invisible, unbreathing
a: Bat Form, Bottle Blood, Renounce Religion


You were on level 5 of the Dungeon.
You worshipped Vehumet.
Vehumet was noncommittal.
You were not thirsty.

You visited 2 branches of the dungeon, and saw 6 of its levels.

You collected 164 gold pieces.

Inventory:

Hand weapons
 s - a +1,+3 orcish dagger of draining (weapon)
Armour
 a - a +0 robe (worn)
 b - a +0 wizard hat (worn)
 y - a +0 pair of elven gloves (worn)
Magical devices
 d - a wand of flame (5)
Scrolls
 e - a scroll of enchant weapon II
 f - 3 scrolls of recharging {unknown}
 g - a scroll of fear {unknown}
 n - 2 scrolls of magic mapping
 o - 2 scrolls of amnesia {unknown}
 p - 2 scrolls of enchant weapon I {unknown}
 q - 4 scrolls of enchant armour {unknown}
 r - 2 scrolls of identify {unknown}
 u - a scroll of blinking {unknown}
 w - a scroll of fog {unknown}
 x - a scroll of noise {unknown}
Jewellery
 z - an uncursed ring of teleportation
Potions
 h - 2 potions of resistance {unknown}
 i - 2 potions of magic {unknown}
 j - 6 potions of curing {unknown}
 k - a potion of slowing {unknown}
 l - a potion of flight {unknown}
 m - a potion of blood
 t - 2 potions of heal wounds {unknown}
 v - a potion of poison {unknown}
 A - a potion of might {unknown}
Books
 c - a book of Minor Magic

   Spells                             Type                      Level
   *Magic Dart                        Conjuration                  1
   Blink                              Translocation                2
   Call Imp                           Summoning                    2
   Repel Missiles                     Charms/Air                   2
   Slow                               Hexes                        2
   *Conjure Flame                     Conjuration/Fire             3
   *Mephitic Cloud                    Conjuration/Poison/Air       3
Magical staves
 B - an uncursed staff of energy {unknown}


   Skills:
 - Level 2.1 Dodging
 - Level 3.0 Stealth
 - Level 3.0 Spellcasting
 * Level 5.6 Conjurations
   Level 1.0 Summonings
   Level 0.7 Translocations
 + Level 0.0 Evocations


You had 5 spell levels left.
You knew the following spells:

 Your Spells              Type           Power        Failure   Level  Hunger
a - Magic Dart            Conj           ####         1%          1    None
d - Mephitic Cloud        Conj/Pois/Air  ##......     17%         3    ###....
s - Conjure Flame         Conj/Fire      ###.....     12%         3    ###....


Dungeon Overview and Level Annotations

Branches:
Dungeon (5/27)             Temple (1/1) D:5

Altars:
Cheibriados
Fedhas
Kikubaaqudgha
Makhleb
Nemelex Xobeh
Okawaru
Sif Muna
Trog
Vehumet
Xom
Yredelemnul
Zin
the Shining One


Innate Abilities, Weirdness & Mutations

You can bottle blood from corpses.
You have razor-sharp teeth.*
You have supernaturally acute eyesight.
You can survive without breathing.*


Message History

The orc wizard casts a spell.
You feel troubled.
The orc wizard points at you and mumbles some strange words.
The magic dart hits you!
The orc wizard points at you and mumbles some strange words.
The puff of flame hits you!
Found an escape hatch in the floor.
The orc wizard points at you and mumbles some strange words.
The puff of flame misses you.
The orc wizard points at you and mumbles some strange words.
The magic dart hits you!
Found a stone staircase leading up.
The orc wizard points at you and mumbles some strange words.
The puff of frost hits you!
* * * LOW HITPOINT WARNING * * *
Found a club.
The orc wizard points at you and mumbles some strange words.
The puff of flame hits you!
One of your 3 scrolls labeled PHUSHR AFASCH catches fire!
You die...

##.8.#..# #.o# .#
#####ooo# #..# ..# #
#oo.# #.o#####..##
.....o......###..........
#...........# #..........
#...........# #....######
#...........# #....#
#...........###....######
...............@...<....
........######..#######
... #..# #..# #..# #..#
#.)# ####


You could see an orc wizard.

Vanquished Creatures
  Prince Ribbit (D:4)
  An agate snail (D:2)
  An orc priest (D:3)
  A gnoll (D:1)
  10 adders
  A hound (D:4)
  4 worms
  5 giant geckos
  5 orcs
  10 bats
  9 hobgoblins
  11 kobolds
  A ball python (D:4)
  4 giant cockroaches
  5 giant newts
  8 goblins
  A goblin skeleton (D:4)
  A hobgoblin skeleton (D:4)
  8 jackals
  A quokka (D:2)
  9 rats
97 creatures vanquished.

Notes
Turn   | Place    | Note
--------------------------------------------------------------
     0 | D:1      | PolkaDot, the Vampire Wizard, began the quest for the Orb.
     0 | D:1      | Reached XP level 1. HP: 11/11 MP: 6/6
    93 | D:1      | Reached skill level 1 in Conjurations
   436 | D:1      | Reached XP level 2. HP: 17/17 MP: 6/8
   798 | D:1      | Reached XP level 3. HP: 12/22 MP: 1/10
  1285 | D:2      | Learned a level 3 spell: Conjure Flame
  1500 | D:2      | Reached XP level 4. HP: 28/28 MP: 9/12
  1622 | D:2      | Learned a level 3 spell: Mephitic Cloud
  2199 | D:2      | Reached XP level 5. HP: 33/33 MP: 5/13
  2285 | D:2      | Noticed an agate snail
  2296 | D:2      | Killed an agate snail
  2296 | D:2      | Reached skill level 4 in Conjurations
  2406 | D:2      | Found a snail-covered altar of Cheibriados.
  3222 | D:3      | Reached XP level 6. HP: 24/39 MP: 2/15
  3850 | D:4      | Found a shimmering altar of Xom.
  4110 | D:4      | Noticed Prince Ribbit
  4119 | D:4      | Killed Prince Ribbit
  4119 | D:4      | Reached skill level 5 in Conjurations
  4370 | D:4      | Reached XP level 7. HP: 39/44 MP: 10/17
  4543 | D:5      | Entered Level 5 of the Dungeon
  4543 | D:5      | Found a staircase to the Ecumenical Temple.
  4549 | Temple   | Entered the Ecumenical Temple
  4688 | Temple   | Became a worshipper of Vehumet
  4730 | D:5      | Killed from afar by an orc wizard

Action                   |  1- 3 |  4- 6 |  7- 9 || total
-------------------------+-------+-------+-------++-------
Melee: Unarmed           |     3 |       |       ||     3
       Short sword       |    10 |       |       ||    10
       Dagger            |       |    11 |       ||    11
 Cast: Magic Dart        |    75 |   135 |     3 ||   213
       Conjure Flame     |     1 |    21 |       ||    22
       Mephitic Cloud    |       |     5 |       ||     5
 Abil: Bottle Blood      |       |     1 |     1 ||     2
Evoke: Wand              |       |     1 |       ||     1
  Use: Potion            |     1 |       |       ||     1
       Scroll            |       |     5 |       ||     5
 Stab: Confused          |       |     1 |       ||     1
